 Dungeon Crawl Stone Soup version 0.29-a0-231-g945431f764 (webtiles) character file.

Game seed: 15033802479330957229

567 Hasart the Shooter (level 6, -3/51 HPs)
             Began as a Demigod Hunter on Feb 28, 2022.
             Slain by a two-headed ogre
             ... wielding a +0 giant spiked club
              (29 damage)
             ... on level 5 of the Dungeon.
             The game lasted 00:05:18 (3761 turns).

Hasart the Shooter (Demigod Hunter)                 Turns: 3761, Time: 00:05:18

Health: -3/51      AC:  8    Str: 13    XL:     6   Next: 85%
Magic:  8/8        EV: 13    Int: 13    God:
Gold:   170        SH:  0    Dex: 22    Spells: 5/5 levels left

rFire   . . .      SeeInvis .   a - +1 shortbow
rCold   . . .      Faith    .   (shield currently unavailable)
rNeg    + . .      Spirit   .   b - +0 leather armour
rPois   .          Reflect  .   q - +2 helmet
rElec   .          Harm     .   (no cloak)
rCorr   .          Rampage  .   r - +1 pair of gloves
Will    .....                   (no boots)
Stlth   +++.......              (no amulet)
HPRegen 0.17/turn               g - ring of positive energy
MPRegen 0.11/turn               (no ring)

@: no status effects
A: high MP 1, forlorn, divine attributes
a: no special abilities


You were on level 5 of the Dungeon.
You visited 1 branch of the dungeon, and saw 5 of its levels.

You collected 170 gold pieces.

Inventory:

Hand Weapons
 a - a +1 shortbow (weapon)
 j - the +8 spear of Usiaxol {holy, rC+ Will+ Int+2}
   (You found it on level 3 of the Dungeon)

   It has been blessed by the Shining One to cause great damage to the undead
   and demons.
   Int:       It affects your intelligence (+2).
   rC:        It protects you from cold.
   Will:      It increases your willpower.
Missiles
 k - a throwing net
Armour
 b - a +0 leather armour (worn)
 q - a +2 helmet (worn)
 r - a +1 pair of gloves (worn)
Jewellery
 g - a ring of positive energy (left hand)
Wands
 l - a wand of paralysis (7)
Scrolls
 f - a scroll of identify {unknown}
 i - a scroll of silence {unknown}
 m - a scroll of enchant weapon {unknown}
 o - a scroll of enchant armour {unknown}
 p - a scroll of summoning {unknown}
 s - a scroll of noise {unknown}
Potions
 c - 4 potions of haste {unknown}
 d - a potion of curing {unknown}
 e - 2 potions of lignification {unknown}
 h - 3 potions of flight {unknown}
 n - a potion of resistance {unknown}


   Skills:
 + Level 3.5 Fighting
 * Level 5.6 Bows
 + Level 3.5 Dodging
 + Level 3.3 Stealth


You had 5 spell levels left.
You didn't know any spells.
Your spell library was empty.

Dungeon Overview and Level Annotations

Branches:
Dungeon (5/15)
 Temple: D:4-7

Shops:
D:1 !

Annotations:
D:2 Natasha, Sigmund


Innate Abilities, Weirdness & Mutations

You have an increased reservoir of magic. (+10% MP)
You shall have no god before yourself.
Your divine heritage dramatically boosts your attributes as you level up.


Message History

There is a stone staircase leading down, spattered with blood here.
Things that are here:
a +0 leather armour; a +0 trident; an orc skeleton
Found 22 stones.
An endoplasm comes into view.
An endoplasm is nearby!
An endoplasm is nearby!
You shoot an arrow. The arrow hits the endoplasm!
You kill the endoplasm!
No target in view!
No target in view!
No target in view!
An endoplasm comes into view.
Found 9 gold pieces.
An endoplasm is nearby!
An endoplasm is nearby!
An endoplasm is nearby!
You shoot an arrow. The arrow hits the endoplasm!
You kill the endoplasm!
No target in view!
No target in view!
No target in view!
You now have 170 gold pieces (gained 9).
Done exploring.
Done exploring.
Done exploring.
Done exploring.
(D) Dungeon
Where to? (Enter - D:5, ? - help)
There is a stone staircase leading down, spattered with blood here.
You climb downwards.
The two-headed ogre hits you with a +0 giant spiked club!!
Ouch! That really hurt!
The two-headed ogre misses you.
There is a stone staircase leading up, spattered with blood here.
Unknown command.
You see here 11 stones.
The two-headed ogre hits you with a +0 giant spiked club!!
Ouch! That really hurt!
You die...

##### #......[# ....# .#
#...#
#.......##+#....##.#
#...#
#...........#......#
#...#
#####..................#
#...#
#.>.'...<........###O..
###...#
#.###....(.......#...
#.....#
#.#.....####.....#.#
#...###
#.#..##.#....###...#
#...#
#.#...#@#.##########
#...# #.#####.O........
#...#####..(.############
#.........##.#
#........###.#
###..........#
#..........# #..........#
#..).......####


You could see a two-headed ogre.

Vanquished Creatures
  Grinder (D:3)
  A phantom (D:3)
  A scorpion (D:5)
  A gnoll sergeant (D:4)
  A hound (D:5)
  An orc wizard (D:4)
  5 gnolls
  3 adders
  A worm (D:3)
  A dart slug (D:3)
  3 orcs
  3 ball pythons
  8 endoplasms
  5 goblins
  4 hobgoblins
  6 jackals (D:2)
  8 quokkas
  3 bats
  2 frilled lizards (D:1)
  9 kobolds
  7 rats
74 creatures vanquished.

Vanquished Creatures (others)
  8 plants (D:4)
8 creatures vanquished.

Grand Total: 82 creatures vanquished

Notes
Turn   | Place    | Note
-------+----------+-------------------------------------------
     0 | D:1      | Hasart the Demigod Hunter began the quest for the Orb.
     0 | D:1      | Reached XP level 1. HP: 17/17 MP: 3/3
    88 | D:1      | Found Babb's Distillery.
    99 | D:1      | Reached skill level 1 in Stealth
   266 | D:1      | Reached XP level 2. HP: 24/24 MP: 4/4
   528 | D:2      | Noticed Natasha
   641 | D:2      | Reached skill level 4 in Bows
   691 | D:2      | You fall into a shaft and drop 2 floors!
   717 | D:4      | Reached XP level 3. HP: 29/29 MP: 5/5
  1036 | D:3      | Noticed Grinder
  1037 | D:3      | Paralysed by Grinder for 7 turns
  1180 | D:2      | Noticed Sigmund
  1638 | D:3      | Identified the +8 spear of Usiaxol {holy, rC+ Will+ Int+2}
  1640 | D:3      | Noticed a phantom
  1653 | D:3      | Killed a phantom
  1654 | D:3      | Reached XP level 4. HP: 37/37 MP: 6/6
  2202 | D:3      | Reached XP level 5. HP: 42/42 MP: 7/7
  2217 | D:3      | Killed Grinder
  2218 | D:3      | Reached skill level 5 in Bows
  2218 | D:3      | Reached XP level 6. HP: 39/51 MP: 8/8
  3134 | D:5      | Entered Level 5 of the Dungeon
  3277 | D:5      | Noticed a two-headed ogre
  3761 | D:5      | Slain by a two-headed ogre

Illustrated notes

Levels and vault maps discovered:
D:1:      lightli_molten_gateway, layout_basic, serial_shops, shop
D:2:      layout_basic, dreamdust_ecumenical_altar_angels_and_demons,
          basic_altar, minmay_heptomino_l4, uniq_natasha, uniq_sigmund
D:3:      layout_loops_ring, trog_hazing_becter, lemuel_blue_sif_altar,
          minivault_14, roderic_lattice_a, uniq_grinder
D:4:      layout_basic, marbit_many_paths, nicolae_grassy_gnolls
D:5:      layout_basic, nicolae_overflow_crystal_walls, minivault_25

Skill      XL: |  1  2  3  4  5  6 |
---------------+-------------------+-----
Stealth        | 1 2 3 |  3.3
Fighting       | 2 3 |  3.5
Dodging        | 2 3 |  3.5
Bows           | 4 5 |  5.6

Action                   |  1- 3 |  4- 6 || total
-------------------------+-------+-------++-------
Melee: Spear             |     5 |    36 ||    41
 Fire: Shortbow          |   104 |    64 ||   168
 Stab: Sleeping          |       |     1 ||     1
Armor: Leather armour    |    12 |    12 ||    24
Dodge: Dodged            |    35 |    27 ||    62

Table legend: (Time is in decaauts)
 A = Elapsed time spent in this place.
 B = Non-inter-level travel time spent in this place.
 C = Inter-level travel time spent in this place.
 D = Time resting spent in this place.
 E = Time spent auto-exploring this place.
 F = Levels seen in this place.
 G = Mean time per level.
                   A        B        C        D        E       F      G
               +--------+--------+--------+--------+--------+-----+--------+
         Total |   3827 |   3486 |    341 |    542 |   2370 |   5 |  765.4 |
       Dungeon |   3827 |   3486 |    341 |    542 |   2370 |   5 |  765.4 |
               +--------+--------+--------+--------+--------+-----+--------+

Top non-repeatable levels by time:
     D:3: 1864 daAuts
     D:4: 927 daAuts
     D:1: 615 daAuts
     D:2: 256 daAuts
     D:5: 164 daAuts
